 Dungeon Crawl Stone Soup version 0.27-a0-1181-g5f64966fcc (webtiles) character file.

Game seed: 4541380516426692345

146471 wakim the Unseen (level 18, -5/116 HPs)
             Began as a Kobold Brigand on May 16, 2021.
             Was a Follower of Uskayaw.
             Slain by a shambling mangrove (25 damage)
             ... on level 2 of the Swamp on May 17, 2021.
             The game lasted 02:33:50 (40862 turns).

wakim the Unseen (Kobold Brigand)                  Turns: 40862, Time: 02:33:51

Health: -5/116     AC: 13    Str: 16    XL:     18   Next: 6%
Magic:  18/18      EV: 22    Int: 14    God:    Uskayaw [*.....]
Gold:   1621       SH: 12    Dex: 22    Spells: 17/17 levels left

rFire    . . .     SeeInvis +   a - +2 short sword (elec)
rCold    + . .     Faith    +   s - +0 kite shield
rNeg     . . .     Spirit   .   z - +1 ring mail "Ruluub" {Fly Regen+ MP-9 SInv}
rPois    .         Reflect  .   k - +2 hat
rElec    .         Harm     .   c - +1 cloak
rCorr    .         Rampage  .   q - +0 pair of gloves
Will     +++..                  P - +0 pair of boots {Stlth+}
Stlth    +++++++++.             o - amulet "Kiawof" {Faith Will+ Str+3}
HPRegen  1.29/turn              i - ring of willpower
MPRegen  0.16/turn              Z - ring "Masim" {rC+ Str+4 Stlth+}

@: grasped by roots, flying, constricted
A: small, no large weapons, nightstalker 3
a: Renounce Religion, Stomp


You were on level 2 of the Swamp.
You worshipped Uskayaw.
Uskayaw was pleased with you.
You visited 5 branches of the dungeon, and saw 27 of its levels.

You collected 2204 gold pieces.
You spent 583 gold pieces at shops.

Inventory:

Hand Weapons
 a - a +2 short sword of electrocution (weapon)
 b - a +1 dagger of venom
 N - a +5 vorpal dagger
Missiles
 f - 8 boomerangs of dispersal {=f!f}
 h - 80 poisoned darts
 l - 31 boomerangs (quivered)
 p - a curare-tipped dart {=f}
Armour
 c - a +1 cloak (worn)
 d - +0 acid dragon scales
 k - a +2 hat (worn)
 q - a +0 pair of gloves (worn)
 s - a +0 kite shield (worn)
 z - the +1 ring mail "Ruluub" (worn) {Fly Regen+ MP-9 SInv}
   (You found it on level 11 of the Dungeon)

   It affects your magic capacity (-9).
   It lets you see invisible.
   It grants you flight.
   It increases your rate of health regeneration.
 P - a +0 pair of boots of stealth (worn)
Jewellery
 e - a +4 ring of protection
 g - the ring of the Everdark {rN+ AC+4}
   (You found it on level 5 of the Lair of Beasts)

   [ring of protection]

   It affects your AC (+4).
   It protects you from negative energy.
 i - a ring of willpower (left hand)
 o - the amulet "Kiawof" (around neck) {Faith Will+ Str+3}
   (You found it on level 13 of the Dungeon)

   [amulet of faith]

   It allows you to gain divine favour quickly.
   It affects your strength (+3).
   It increases your willpower.
 E - a ring of fire
 Q - a ring of protection from cold
 W - a ring of resist corrosion
 Z - the ring "Masim" (right hand) {rC+ Str+4 Stlth+}
   (You found it on level 2 of the Swamp)

   [ring of protection from cold]

   It affects your strength (+4).
   It protects you from cold.
   It makes you more stealthy.
Wands
 j - a wand of iceblast (18)
 t - a wand of digging (12)
 u - a wand of mindburst (37)
 v - a wand of flame (4)
 w - a wand of acid (5)
 x - a wand of charming (21)
 y - a wand of paralysis (19)
Scrolls
 m - 10 scrolls of enchant weapon
 n - 4 scrolls of enchant armour
 r - 8 scrolls of identify
 R - 2 scrolls of magic mapping {!r}
 S - 3 scrolls of summoning
 T - 9 scrolls of teleportation
 U - a scroll of fear
 V - a scroll of brand weapon
 X - 4 scrolls of fog
 Y - a scroll of blinking {!r}
Potions
 A - 2 potions of ambrosia
 B - 5 potions of attraction {!q}
 C - 3 potions of berserk rage {!q}
 D - a potion of brilliance
 F - 3 potions of curing
 G - 3 potions of flight
 H - 4 potions of haste
 I - 2 potions of invisibility
 J - 4 potions of heal wounds
 K - 3 potions of magic
 L - 2 potions of lignification {!q}
 M - 4 potions of mutation {!q}
 O - 2 potions of resistance


   Skills:
 + Level 13.7 Fighting
 - Level 14.0 Short Blades
 - Level 6.4 Throwing
 - Level 4.0 Armour
 + Level 16.9 Dodging
 + Level 17.5 Stealth
 + Level 9.3 Shields
 + Level 13.2 Invocations


You had 17 spell levels left.
You didn't know any spells.
Your spell library contained the following spells:

 Spells                   Type           Power      Damage    Failure   Level
 Corona                   Hex            0%         N/A       83%         1
 Magic Dart               Conj           0%         1d3       83%         1
 Sting                    Tmut/Pois      0%         1d3       83%         1
 Blink                    Tloc           N/A        N/A       93%         2
 Call Imp                 Summ           0%         N/A       93%         2
 Corpse Rot               Necr/Air       N/A        N/A       93%         2
 Ensorcelled Hibernation  Hex/Ice        0%         N/A       93%         2
 Poisonous Vapours        Pois/Air       0%         N/A       93%         2
 Slow                     Hex            0%         N/A       93%         2
 Static Discharge         Conj/Air       0%         N/A       93%         2
 Sublimation of Blood     Necr           0%         N/A       93%         2
 Confusing Touch          Hex            0%         N/A       99%         3
 Conjure Flame            Conj/Fire      0%         6-21      99%         3
 Dazzling Flash           Conj/Hex       0%         N/A       99%         3
 Ignite Poison            Fire/Tmut/Pois 0%         N/A       99%         3
 Mephitic Cloud           Conj/Pois/Air  0%         N/A       99%         3
 Tukima's Dance           Hex            0%         N/A       99%         3
 Animate Armour           Summ/Erth      0%         N/A       100%        4
 Animate Dead             Necr           0%         N/A       100%        4
 Dispel Undead            Necr           0%         3d6       100%        4
 Leda's Liquefaction      Hex/Erth       0%         N/A       100%        4
 Olgreb's Toxic Radiance  Pois           0%         N/A       100%        4
 Agony                    Necr           0%         N/A       100%        5
 Bolt of Magma            Conj/Fire/Erth 0%         4d4       100%        5
 Borgnjor's Vile Clutch   Necr/Erth      0%         N/A       100%        5
 Excruciating Wounds      Necr           0%         N/A       100%        5
 Lightning Bolt           Conj/Air       0%         1d11      100%        5
 Death Channel            Necr           0%         N/A       100%        6
 Iron Shot                Conj/Erth      0%         9d1       100%        6
 Simulacrum               Ice/Necr       0%         N/A       100%        6
 Statue Form              Tmut/Erth      0%         N/A       100%        6
 Ignition                 Fire           0%         3d3       100%        8
 Shatter                  Erth           0%         3d5*      100%        9
 Tornado                  Air            0%         N/A       100%        9


Dungeon Overview and Level Annotations

Branches:
Dungeon (15/15)            Temple (1/1) D:6            Lair (6/6) D:11
  Swamp (3/4) Lair:4        Snake (0/4) Lair:2        Slime (0/5) Lair:5
    Orc (2/2) D:10            Elf (0/3) Orc:2        Vaults (0/5) D:14
 Depths (0/5) D:15

Altars:
Ashenzari
Cheibriados
Dithmenos
Elyvilon
Fedhas
Gozag
Hepliaklqana
Kikubaaqudgha
Makhleb
Nemelex Xobeh
Okawaru
Qazlal
Ru
Sif Muna
Trog
Uskayaw
Vehumet
Wu Jian
Xom
Yredelemnul
Zin
The Shining One

Shops:
D:5 *   D:11 (   Orc:2 (:[*

Portals:
Hell: Lair:6

Annotations:
D:13 exclusion: orange crystal statue
Lair:1 2 transporters, Wyefet Iweni's ghost, journeyman MiFi


Innate Abilities, Weirdness & Mutations

You are small and have problems with some larger weapons.
You are completely attuned to the shadows.


Message History

You hit the shambling mangrove but do no damage.
The shambling mangrove is heavily damaged.
You block the shambling mangrove's attack.
The grasping roots constrict you!
You hit the shambling mangrove but do no damage.
The shambling mangrove is heavily damaged.
The shambling mangrove barely misses you.
The grasping roots constrict you!
You escape the roots' grasp.
There is a stone staircase leading up, spattered with blood here.
You throw a boomerang.
The boomerang hits the shambling mangrove but does no damage.
The shambling mangrove is heavily damaged.
You hit the shambling mangrove.
The shambling mangrove is heavily damaged.
You block the shambling mangrove's attack.
You hit the shambling mangrove but do no damage.
The shambling mangrove is heavily damaged.
You hit the shambling mangrove.
Lightning courses through the shambling mangrove!
The shambling mangrove is severely damaged.
The shambling mangrove hits you!!
* * * LOW HITPOINT WARNING * * *
You fly upwards.
There is a stone staircase leading down, spattered with blood here.
You hit the shambling mangrove but do no damage.
The shambling mangrove is severely damaged.
The shambling mangrove hits you!!
* * * LOW HITPOINT WARNING * * *
The shambling mangrove barely misses you.
Roots burst forth from the earth!
The grasping roots grab you!
* * * LOW HITPOINT WARNING * * *
The grasping roots constrict you!
The roots' grasp on you weakens, but your attempt to escape fails.
You can no longer pass through a line of other dancers.
Unknown command.
The roots' grasp on you weakens, but your attempt to escape fails.
The shambling mangrove hits you!!
You die...

♣♣♣♣#♣♣#≈..≈≈≈≈.≈...≈≈≈.♣≈♣♣...♣♣
≈≈≈≈≈≈....≈≈≈≈≈.≈≈≈≈≈.≈..≈.♣≈≈.♣♣
≈≈♣.≈≈≈.≈...≈.§.♣≈§§≈♣..≈≈≈..§≈..
.≈≈≈≈≈≈≈≈≈.≈≈≈≈.≈≈≈.≈♣♣.≈.<≈≈§≈♣♣
≈≈≈.≈≈≈..≈.[≈.≈...≈.♣♣♣♣♣♣..≈.≈≈§
..♣♣♣♣.♣≈..≈≈≈≈≈....♣ ♣♣♣♣≈..♣
.........≈<≈.≈♣≈....♣ ♣♣♣≈≈
.........≈≈♣♣♣♣♣.♣.♣♣ ♣♣≈
♣♣♣.♣♣♣.♣♣♣♣ ♣@..♣ ♣♣
≈♣♣♣♣♣....♣♣ ♣.f♣♣ ..♣ ♣♣..≈≈♣
♣♣>♣ .♣♣ ♣♣.≈..♣♣ ♣♣♣
..♣♣♣.♣≈...♣ .≈≈♣...≈.≈.♣♣
..♣♣...≈....♣♣ .≈♣♣♣≈.....♣.♣♣
...♣≈≈.≈.≈.≈.≈♣♣♣


You could see a shambling mangrove.

Vanquished Creatures
  2 thorn hunters (Swamp:2)
  A fenstrider witch (Swamp:2)
  An orc warlord (Orc:2)
  5 bunyips
  2 eleionomae (Swamp:1)
  The ghost of qborf the Grappler, a journeyman TrMo of Jiyva (D:10)
  A shambling mangrove (Swamp:2)
  18 hydras
  Erolcha (D:13)
  A boulder beetle (D:14)
  4 vault guards
  5 centaur warriors
  2 ogre magi (D:15)
  2 catoblepae
  12 two-headed ogres
  Erica (D:10)
  2 death knights (D:14)
  11 alligators
  A tengu warrior (D:13)
  The ghost of Flogoulo the Basher, a novice TrCK of Xom (D:8)
  6 orc high priests
  8 spriggans
  A sixfirhy (Lair:6)
  A skeletal warrior (D:13)
  7 goliath frogs
  2 swamp dragons
  3 spriggan druids
  Pikel (D:4)
  4 bog bodies
  A phantasmal warrior (D:14)
  4 wizards
  2 deep elf pyromancers
  5 orc knights
  A necromancer (D:15)
  8 orc sorcerers
  24 ugly things
  2 will-o-the-wisps
  7 manticores
  6 cyclopes
  3 black mambas
  2 elephants
  An ice statue (D:13)
  A naga mage (D:15)
  2 torpor snails
  A gargoyle (D:12)
  12 cane toads
  2 unseen horrors (D:10)
  7 komodo dragons
  4 orange demons (Lair:6)
  2 ice devils (Lair:6)
  4 rime drakes
  3 efreet
  A yaktaur (D:15)
  A hellwing (Lair:6)
  2 tengu conjurers (D:15)
  4 freezing wraiths
  4 trolls
  A meliai (D:14)
  5 tyrant leeches
  A polar bear (Lair:6)
  8 hornets
  16 slime creatures
  2 dream sheep (Lair:6)
  Grinder (D:3)
  A wolf spider simulacrum (D:15)
  30 blink frogs
  2 wraiths (D:14)
  2 shadows (D:12)
  35 yaks
  Grum (D:11)
  2 wyverns
  7 vampire mosquitoes
  2 steam dragons (D:10)
  5 basilisks
  8 wargs
  5 swamp worms
  4 nagas (Lair:2)
  2 acid dragons (D:10)
  4 hell hounds (Lair:6)
  18 water moccasins
  Duvessa (D:7)
  A swamp drake (Lair:4)
  2 ice beasts
  40 orc warriors
  3 sky beasts
  A hornet zombie (D:8)
  22 wolves
  3 black bears
  16 ogres
  11 centaurs
  3 lemures (D:4)
  9 bullfrogs
  2 kobold brigands (D:8)
  2 gnoll sergeants
  A scorpion (D:4)
  2 wyvern zombies
  Dowan (D:7)
  2 wights (D:8)
  16 killer bees
  4 howler monkeys
  4 centaur zombies
  A gnoll shaman (D:8)
  5 jellies
  26 orc priests
  A hound (D:5)
  7 centaur skeletons
  2 iguanas
  30 orc wizards
  A killer bee zombie (D:7)
  4 howler monkey zombies
  6 gnolls
  7 adders
  4 white imps
  An ufetubus (D:5)
  An adder skeleton (D:4)
  2 worms
  3 dart slugs
  71 orcs
  6 bats
  4 endoplasms
  5 giant cockroaches
  8 goblins
  14 hobgoblins
  8 jackals (D:3)
  4 quokkas
  7 ball pythons
  5 frilled lizards
  7 kobolds
  3 rats
774 creatures vanquished.

Vanquished Creatures (others)
  A bog body (Swamp:2)
  4 bloated husks
  A swamp worm (Swamp:3)
  20 foxfires (Swamp:2)
  55 fungi
  46 plants
127 creatures vanquished.

Grand Total: 901 creatures vanquished

Notes
Turn   | Place    | Note
-------+----------+-------------------------------------------
     0 | D:1      | wakim the Kobold Brigand began the quest for the Orb.
     0 | D:1      | Reached XP level 1. HP: 12/12 MP: 1/1
   258 | D:1      | Reached XP level 2. HP: 12/18 MP: 2/2
   849 | D:1      | Reached XP level 3. HP: 22/22 MP: 3/3
  1831 | D:2      | Reached XP level 4. HP: 27/27 MP: 4/4
  2133 | D:2      | Found a faded altar of an unknown god.
  2670 | D:3      | Reached XP level 5. HP: 32/32 MP: 5/5
  2683 | D:3      | Noticed Grinder
  2686 | D:3      | Paralysed by Grinder for 2 turns
  2712 | D:3      | Paralysed by Grinder for 7 turns
  3073 | D:3      | Found a hazy altar of Hepliaklqana.
  3686 | D:3      | Paralysed by Grinder for 6 turns
  3688 | D:3      | Killed Grinder
  3689 | D:3      | Reached skill level 5 in Short Blades
  3689 | D:3      | Reached skill level 6 in Stealth
  3689 | D:3      | Reached XP level 6. HP: 22/37 MP: 6/6
  4150 | D:4      | Reached XP level 7. HP: 41/41 MP: 7/7
  4186 | D:4      | Noticed Pikel
  4407 | D:4      | Killed Pikel
  4408 | D:4      | Reached skill level 5 in Dodging
  4408 | D:4      | Reached skill level 7 in Stealth
  4408 | D:4      | Reached XP level 8. HP: 14/48 MP: 8/8
  5251 | D:5      | Entered Level 5 of the Dungeon
  5675 | D:5      | Reached skill level 5 in Fighting
  5675 | D:5      | Reached skill level 8 in Stealth
  5929 | D:5      | Found Situf's Assorted Antiques.
  5935 | D:5      | Bought an orange potion for 21 gold pieces
  5935 | D:5      | Bought a white potion for 21 gold pieces
  5972 | D:5      | Reached XP level 9. HP: 54/54 MP: 9/9
  6870 | D:6      | Found a staircase to the Ecumenical Temple.
  6876 | Temple   | Entered the Ecumenical Temple
  7002 | Temple   | Became a worshipper of Uskayaw the Reveller
  7245 | D:6      | Reached * piety under Uskayaw
  7425 | D:6      | Reached ** piety under Uskayaw
  8644 | D:7      | Identified the +12 hand axe of the Living Dead {speed,
                  | Dex+2}
  8668 | D:7      | Noticed Duvessa
  8671 | D:7      | Noticed Dowan
  8702 | D:7      | Killed Duvessa
  8703 | D:7      | Reached skill level 9 in Stealth
  8715 | D:7      | Killed Dowan
  8810 | D:7      | Noticed a manticore
  8835 | D:7      | Killed a manticore
  8836 | D:7      | Reached skill level 10 in Short Blades
  8836 | D:7      | Reached XP level 10. HP: 14/60 MP: 10/10
  9563 | D:7      | Reached skill level 10 in Stealth
  9739 | D:8      | Reached skill level 10 in Dodging
  9807 | D:8      | Reached *** piety under Uskayaw
  9950 | D:8      | Found a transporter.
  9954 | D:8      | Noticed Flogoulo's ghost (novice TrCK)
  9955 | D:8      | Found a transporter.
 10059 | D:8      | Identified the +7 great mace of Honour {vorpal, rC+ rN++
                  | rCorr Int-3}
 10611 | D:8      | Reached **** piety under Uskayaw
 10616 | D:8      | Reached ***** piety under Uskayaw
 10762 | D:8      | Reached skill level 1 in Invocations
 11143 | D:8      | Reached skill level 11 in Stealth
 11315 | D:8      | Reached XP level 11. HP: 54/68 MP: 11/13
 11799 | D:9      | Noticed a two-headed ogre
 11803 | D:9      | Killed a two-headed ogre
 12924 | D:10     | Entered Level 10 of the Dungeon
 12954 | D:10     | Reached skill level 5 in Invocations
 13006 | D:10     | Found a staircase to the Orcish Mines.
 13041 | D:10     | Noticed Erica
 13297 | D:10     | Killed Erica
 13889 | D:10     | Found a large runed translucent door.
 13897 | D:10     | Found a large runed translucent door.
 15211 | D:10     | Noticed a manticore
 15215 | D:10     | Reached skill level 12 in Stealth
 15989 | D:11     | Identified the +1 leather armour of Diath {rF- Str+7 SInv}
 16086 | D:11     | Reached XP level 12. HP: 75/75 MP: 16/16
 16180 | D:11     | Found a staircase to the Lair.
 16868 | D:11     | Found Pivooc Zorr's Weapon Shoppe.
 17931 | Orc:1    | Entered Level 1 of the Orcish Mines
 18185 | D:11     | Noticed Grum
 18191 | D:11     | Killed Grum
 18192 | D:11     | Reached skill level 5 in Throwing
 18349 | D:11     | Noticed a two-headed ogre
 18448 | D:11     | Killed a two-headed ogre
 18805 | D:11     | Identified the +1 ring mail "Ruluub" {Fly Regen+ MP-9 SInv}
 18963 | Lair:1   | Entered Level 1 of the Lair of Beasts
 19428 | Lair:1   | Noticed Wyefet Iweni's ghost (journeyman MiFi)
 19639 | Lair:1   | Found a transporter.
 19667 | Lair:1   | Found a transporter.
 21114 | Lair:2   | Found a staircase to the Snake Pit.
 21139 | Lair:2   | Reached XP level 13. HP: 41/80 MP: 10/19
 21488 | Lair:1   | HP: 2/80 [cane toad (13)]
 21499 | Lair:1   | HP: 3/80 [cane toad (14)]
 22110 | Lair:3   | Reached skill level 13 in Stealth
 22132 | Lair:3   | Noticed a catoblepas
 22158 | Lair:3   | Killed a catoblepas
 22159 | Lair:3   | Reached skill level 1 in Armour
 22569 | Lair:3   | Noticed an eight-headed hydra
 23295 | Lair:4   | Reached skill level 1 in Shields
 23359 | Lair:4   | Found a staircase to the Swamp.
 23513 | Lair:4   | Reached skill level 10 in Fighting
 24014 | Lair:4   | Noticed a seven-headed hydra
 24018 | Lair:4   | Killed a seven-headed hydra
 24358 | Lair:5   | Identified the ring of the Everdark {rN+ AC+4}
 24847 | Lair:5   | Found a staircase to the Slime Pits.
 25158 | Lair:6   | Entered Level 6 of the Lair of Beasts
 25306 | Lair:6   | Reached XP level 14. HP: 88/88 MP: 12/21
 25319 | Lair:6   | Reached ****** piety under Uskayaw
 25615 | Lair:6   | Identified the +10 hand axe of the Shark {distort, Int+4
                  | Dex-5 Stlth+}
 25988 | Lair:6   | Reached skill level 14 in Stealth
 26112 | Lair:6   | HP: 1/88 [cane toad (17)]
 26608 | Lair:6   | Reached skill level 10 in Invocations
 27114 | D:8      | Killed Flogoulo's ghost
 27273 | D:10     | Noticed qborf's ghost (journeyman TrMo)
 27301 | D:10     | Killed qborf's ghost
 27509 | D:10     | Reached skill level 5 in Shields
 27652 | Orc:2    | Entered Level 2 of the Orcish Mines
 27662 | Orc:2    | Found a staircase to the Elven Halls.
 28177 | Orc:2    | HP: 2/90 [orc knight/+0 bardiche (21)]
 29902 | Orc:2    | Paralysed by an orc sorcerer for 6 turns
 30243 | Orc:1    | Reached XP level 15. HP: 85/95 MP: 13/22
 30886 | Orc:2    | Noticed an orc warlord
 30903 | Orc:2    | Killed an orc warlord
 30904 | Orc:2    | Reached skill level 15 in Dodging
 31198 | Orc:2    | Found Noemih's General Store.
 31198 | Orc:2    | Found Fybidwa Jatt's Book Emporium.
 31208 | Orc:2    | Found Xyezeg's Antique Armour Emporium.
 31209 | Orc:2    | Found Voricha's Antique Weapon Shoppe.
 31214 | Orc:2    | Bought a shimmering dagger for 168 gold pieces
 31214 | Orc:2    | Identified the +1 dagger "Keow" {drain, Str+2 Int+4} (You
                  | bought it in a shop on level 2 of the Orcish Mines)
 31216 | Orc:2    | Bought a pair of runed boots for 187 gold pieces
 31236 | Orc:2    | Bought a potion of heal wounds for 60 gold pieces
 31236 | Orc:2    | Bought a scroll of enchant weapon for 90 gold pieces
 31236 | Orc:2    | Bought a scroll of teleportation for 36 gold pieces
 31359 | Orc:1    | Upgraded the game from 0.27-a0-1177-g245c70e1c0 to
                  | 0.27-a0-1181-g5f64966fcc
 31491 | D:11     | Reached skill level 15 in Stealth
 32287 | D:13     | Noticed Erolcha
 32304 | D:13     | Killed Erolcha
 32428 | D:13     | Identified the amulet "Kiawof" {Faith Will+ Str+3}
 33319 | D:14     | Found a gate to the Vaults.
 33583 | D:14     | Reached XP level 16. HP: 98/101 MP: 15/24
 33769 | D:14     | HP: 5/101 [white ugly thing (27)]
 33804 | D:14     | HP: 2/101 [white ugly thing (16)]
 34806 | D:15     | Entered Level 15 of the Dungeon
 34955 | D:15     | Found a staircase to the Depths.
 35291 | D:14     | Reached skill level 16 in Stealth
 36144 | D:15     | Found an iron altar of Okawaru.
 36144 | D:15     | Found a shimmering altar of Xom.
 36145 | D:15     | Found a shimmering altar of Xom.
 36148 | D:15     | Found a blossoming altar of Fedhas.
 36148 | D:15     | Found a basalt altar of Yredelemnul.
 36153 | D:15     | Found a blossoming altar of Fedhas.
 36915 | Lair:6   | Found a burning altar of Makhleb.
 36975 | Lair:6   | Reached XP level 17. HP: 60/108 MP: 11/26
 37099 | Lair:6   | Found a gateway to Hell.
 37375 | Swamp:1  | Entered Level 1 of the Swamp
 38801 | Swamp:2  | Reached skill level 17 in Stealth
 39019 | Swamp:2  | HP: 1/109 [bunyip (21)]
 39030 | Swamp:2  | HP: 2/109 [bunyip (27)]
 39174 | Swamp:2  | Noticed a thorn hunter
 39246 | Swamp:2  | Killed a thorn hunter
 39493 | Swamp:2  | Noticed a thorn hunter
 39509 | Swamp:2  | Killed a thorn hunter
 39818 | Swamp:2  | Identified the ring "Masim" {rC+ Str+4 Stlth+}
 40667 | Swamp:3  | Reached XP level 18. HP: 116/116 MP: 18/27
 40862 | Swamp:2  | Slain by a shambling mangrove

Illustrated notes

Levels and vault maps discovered:
D:1:      kilobyte_arrival_exit_the_forest, layout_loops_corners,
          minmay_heptomino_o4
D:2:      layout_rooms, hellmonk_ecumenical_altar_arch_garden
D:3:      layout_basic, lemuel_coloured_pillars_altar, uniq_grinder
D:4:      layout_cave_pods, uniq_pikel
D:5:      layout_layer_cave, serial_shops, shop
D:6:      layout_layer_cave, minmay_temple_entry_junction
D:7:      layout_basic, uniq_duvessa
D:8:      minmay_s_stair_smasher, layout_basic, gammafunk_ghost_smash,
          kennysheep_potato
D:9:      layout_loops_ring, minmay_misc_feat_plants, hangedman_minor_gate_pass
D:10:     layout_roguey, orc_0_dummy, ebering_ghost_disaster_area,
          grunt_potential, uniq_erica
D:11:     layout_irregular_city, david_lair_generic, serial_shops,
          nicolae_shop_crystal, minivault_1, uniq_grum
D:12:     layout_roguey, chequers_serial_rivers_small_b
D:13:     minmay_separated_statues, layout_layer_cave, serial_glass,
          glass_columns_b, glass_columns_c, kennysheep_windowed_goal,
          uniq_snorg, uniq_erolcha
D:14:     layout_rooms, lightli_vaults_fourway_checkpoint, nicolae_benzene_ring,
          grunt_ministairs_8
D:15:     grunt_enter_depths_magical_seal, layout_grid_maze,
          minmay_large_rounded_square, doesnt_xom_only_xom
Temple:   regret_index_temple_sigil_plot
Lair:1:   layout_hall_layers, gammafunk_ghost_arena,
          chequers_serial_rivers_room_a, st_stairs_6
Lair:2:   layout_misc_corridors, minmay_snake_entry_guardpost_small,
          cheibrodos_lair_reptile_den, grunt_megastairs_4, lemuel_fruit_tree
Lair:3:   layout_long_grid, chequers_serial_rivers_micro_e
Lair:4:   layout_regular_city, skrybe_swamp_entry_bodies, grunt_megastairs_1,
          lemuel_fruit_fields
Lair:5:   layout_roguey, dpeg_slime_entry_corner, minmay_stone_trees_medium,
          minivault_24, chequers_serial_rivers_micro_b
Lair:6:   evil_forest, layout_loops_ring
Swamp:1:  layout_falls_marsh, nicolae_swamp_very_dense_foliage
Swamp:2:  nzn_winding_woodlands_small
          [nzn_winding_woodlands_5x15_river_crossing,
          nzn_winding_woodlands_center_diamonds,
          nzn_winding_woodlands_5x15_concentric], layout_falls_marsh,
          hangedman_swamp_pad
Swamp:3:  layout_basic_swamp, evilmike_swamp_ruin_house_2, swamp_pool5
Orc:1:    layout_caves
Orc:2:    st_orc_congregation, layout_diamond_mine

Skill      XL: |  1  2  3  4  5  6  7  8  9 10 11 12 13 14 15 16 17 |
---------------+----------------------------------------------------+-----
Short Blades   | 3 4 5 7 8 10 11 12 14 | 14.0
Dodging        | 2 3 4 5 7 9 11 12 13 14 15 16 | 16.9
Fighting       | 3 4 5 6 7 8 9 10 11 12 13 | 13.7
Stealth        | 6 7 8 9 11 12 13 14 15 16 17 | 17.5
Invocations    | 2 6 8 9 10 11 12 13 | 13.2
Throwing       | 4 5 6 |  6.4
Armour         | 3 4 |  4.0
Shields        | 2 5 7 8 9 |  9.3

Action                   |  1- 3 |  4- 6 |  7- 9 | 10-12 | 13-15 | 16-18 || total
-------------------------+-------+-------+-------+-------+-------+-------++-------
Melee: Dagger            |    78 |   122 |   224 |  1072 |  1456 |    38 ||  2990
       Short sword       |       |       |       |       |   564 |   969 ||  1533
Throw: Dart              |       |     3 |     3 |    11 |    12 |       ||    29
       Boomerang         |       |       |       |       |     6 |    46 ||    52
Invok: Line Pass         |       |       |       |     9 |    26 |    12 ||    47
       Stomp             |       |       |       |       |    28 |    19 ||    47
Evoke: Wand              |       |       |       |       |    21 |       ||    21
  Use: Scroll            |     1 |     6 |     5 |    14 |     7 |     3 ||    36
       Potion            |       |       |       |     1 |     7 |     4 ||    12
 Stab: Sleeping          |    16 |    21 |    22 |    40 |    65 |    43 ||   207
       Distracted        |       |       |     1 |       |     6 |     4 ||    11
       Paralysed         |       |       |       |    39 |    59 |    40 ||   138
       Confused          |       |       |       |     7 |    16 |     4 ||    27
Armor: Robe              |     6 |    23 |    28 |    44 |       |       ||   101
       Acid dragon scale |       |       |       |   114 |       |       ||   114
       Ring mail         |       |       |       |    54 |   371 |   227 ||   652
       Troll leather arm |       |       |       |     1 |       |       ||     1
Dodge: Dodged            |    34 |    84 |   133 |   727 |  1114 |   632 ||  2724
Block: Kite shield       |       |       |       |       |   842 |   507 ||  1349

Table legend: (Time is in decaauts)
 A = Elapsed time spent in this place.
 B = Non-inter-level travel time spent in this place.
 C = Inter-level travel time spent in this place.
 D = Time resting spent in this place.
 E = Time spent auto-exploring this place.
 F = Levels seen in this place.
 G = Mean time per level.
                   A        B        C        D        E       F      G
               +--------+--------+--------+--------+--------+-----+--------+
         Total |  39340 |  36509 |   2831 |   3878 |  23752 |  27 | 1457.0 |
       Dungeon |  24241 |  22534 |   1707 |   3204 |  14930 |  15 | 1616.1 |
        Temple |    177 |    169 |      8 |      0 |    163 |   1 |  177.0 |
          Lair |   7957 |   7231 |    726 |    297 |   5094 |   6 | 1326.2 |
         Swamp |   3219 |   3071 |    148 |    256 |   1857 |   3 | 1073.0 |
  Orcish Mines |   3743 |   3502 |    241 |    121 |   1708 |   2 | 1871.5 |
               +--------+--------+--------+--------+--------+-----+--------+

Top non-repeatable levels by time:
    D:10: 3377 daAuts
   Orc:2: 2985 daAuts
     D:9: 2624 daAuts
     D:8: 2039 daAuts
    D:11: 1959 daAuts
  Lair:6: 1826 daAuts
     D:1: 1826 daAuts
 Swamp:2: 1574 daAuts
     D:5: 1537 daAuts
     D:7: 1498 daAuts
    D:14: 1447 daAuts
    D:15: 1372 daAuts
  Lair:5: 1363 daAuts
     D:6: 1348 daAuts
  Lair:4: 1291 daAuts
